 Dungeon Crawl Stone Soup version 0.30-a0-760-g5a9884bb7c (webtiles) character file.

Game seed: 4898499232905649926

35423 GuildmasterMusic the Severer (level 13, 0/119 HPs)
             Began as a Minotaur Fighter on Feb 10, 2023.
             Was an Initiate of Gozag.
             Succumbed to Saozxam's ghost's poison
             ... on level 4 of the Lair of Beasts.
             The game lasted 00:34:26 (13793 turns).

GuildmasterMusic the Severer (Minotaur Fighter)    Turns: 13793, Time: 00:34:27

Health: 0/119      AC: 40    Str: 34    XL:     13   Next: 47%
Magic:  0/12       EV: 11    Int:  7    God:    Gozag
Gold:   616        SH: 13    Dex: 13    Spells: 12/12 levels left

rFire   + + .      SeeInvis +    G - +4 war axe of Axzer {heavy, rF+ rN+ Int+2 Dex+3}
rCold   x . .      Faith    .    c - +1 buckler
rNeg    + . .      Spirit   .    a - +13 plate armour "Seups" {Rampage}
rPois   .          Reflect  +    (helmet restricted)
rElec   .          Harm     .    D - +0 cloak
rCorr   +          Rampage  +    p - +1 pair of gloves {infuse}
Will    .....                    f - +2 pair of boots {Stlth+} Stlth
                                 k - amulet "Asez" {Reflect Contam Fly rCorr SH+5 SInv}
HPRegen 0.39/turn                n - +4 ring of protection
MPRegen 0.13/turn                I - ring of Fallacy {Fire Str+8}

@: mighty, lethally poisoned (0 -> -17), gold aura, flying, hasted, studying 2
skills, very quick
A: horns 2, retaliatory headbutt
a: Renounce Religion, Potion Petition, Call Merchant, Bribe Branch


You were on level 4 of the Lair of Beasts.
You worshipped Gozag.
Gozag was pleased with you.
You visited 3 branches of the dungeon, and saw 16 of its levels.
You visited the Abyss 1 time.

You collected 4427 gold pieces.
You spent 1268 gold pieces at shops.
You paid 2543 gold pieces to Gozag.

Inventory:

Hand Weapons
 r - a +2 broad axe of draining
 G - the +4 war axe of Axzer (weapon) {heavy, rF+ rN+ Int+2 Dex+3}
   (You acquired it on level 1 of the Lair of Beasts)

   Int:       It affects your intelligence (+2).
   Dex:       It affects your dexterity (+3).
   rF:        It protects you from fire.
   rN:        It protects you from negative energy.
 H - a +5 battleaxe
Missiles
 y - 8 silver javelins (quivered)
 K - 2 silver boomerangs
 M - a throwing net
Armour
 a - the +13 plate armour "Seups" (worn) {Rampage}
   (You bought it in a shop on level 1 of the Lair of Beasts)

   Rampage:   It bestows one free step when moving towards enemies.
 c - a +1 buckler (worn)
 f - a +2 pair of boots of stealth (worn)
 p - a +1 pair of gloves of infusion (worn)
 q - a +0 tower shield
 D - a +0 cloak (worn)
Jewellery
 k - the amulet "Asez" (around neck) {Reflect Contam Fly rCorr SH+5 SInv}
   (You took it off a tengu conjurer on level 9 of the Dungeon)

   [amulet of reflection]

   It reflects blocked missile attacks.
   SInv:      It lets you see invisible.
   Fly:       It grants you flight.
   Contam:    It causes magical contamination when unequipped.
   rCorr:     It protects you from acid and corrosion.
   SH:        It affects your SH (+5).
 m - a ring of fire
 n - a +4 ring of protection (left hand)
 t - a +5 ring of evasion
 u - a +6 ring of intelligence
 z - a ring of willpower
 C - a ring of positive energy
 I - the ring of Fallacy (right hand) {Fire Str+8}
   (You found it on level 9 of the Dungeon)

   [ring of fire]

   It enhances your fire magic.
   Str:       It affects your strength (+8).
   rF:        It protects you from fire.
   rC:        It makes you vulnerable to cold.
 P - a ring of ice
 R - a +6 ring of strength
 S - a ring of flight
Wands
 i - a wand of iceblast (5)
 A - a wand of light (14)
 F - a wand of paralysis (2)
Scrolls
 d - 2 scrolls of brand weapon
 j - 3 scrolls of enchant armour
 s - 2 scrolls of amnesia
 x - a scroll of fog
 B - a scroll of vulnerability {unknown}
 E - 4 scrolls of enchant weapon
 J - a scroll of blinking
 O - 3 scrolls of fear
 T - 2 scrolls of teleportation
 U - a scroll of magic mapping
Potions
 b - 2 potions of flight
 e - a potion of magic {unknown}
 g - 2 potions of lignification
 h - 4 potions of brilliance
 l - 2 potions of berserk rage
 o - 2 potions of resistance
 v - 2 potions of mutation
 w - 3 potions of attraction
 Q - a potion of haste


   Skills:
 + Level 12.5 Fighting
 * Level 16.8 Axes
 + Level 12.5 Armour
 + Level 7.9 Dodging
 + Level 12.5 Shields


You had 12 spell levels left.
You didn't know any spells.
Your spell library contained the following spells:

 Spells                   Type           Power      Damage    Failure   Level
 Summon Small Mammal      Summ           0%         N/A       95%         1
 Call Canine Familiar     Summ           0%         N/A       100%        3
 Ozocubu's Armour         Ice            0%         N/A       100%        3
 Portal Projectile        Hex/Tloc       0%         N/A       100%        3
 Summon Guardian Golem    Hex/Summ       0%         N/A       100%        3
 Leda's Liquefaction      Hex/Erth       0%         N/A       100%        4
 Metabolic Englaciation   Hex/Ice        0%         N/A       100%        5
 Simulacrum               Ice/Necr       Unusable   N/A       N/A         6

Dungeon Overview and Level Annotations

Branches:
Dungeon (11/15)            Temple (1/1) D:4            Lair (4/5) D:11
 Shoals (0/4) Lair:2       Spider (0/4) Lair:3          Orc (0/2) D:10
  Slime: Lair:4-5

Altars:
Ashenzari
Cheibriados
Dithmenos
Elyvilon
Fedhas
Gozag
Hepliaklqana
Kikubaaqudgha
Makhleb
Nemelex Xobeh
Okawaru
Qazlal
Ru
Sif Muna
Trog
Uskayaw
Vehumet
Wu Jian
Xom
Yredelemnul
Zin
The Shining One

Shops:
D:2 [   Lair:1 [   Lair:2 [   Lair:4 [

Annotations:
Lair:4 1 transporter, Saozxam's ghost, journeyman KoHu


Innate Abilities, Weirdness & Mutations

You have a pair of horns on your head.
You reflexively headbutt those who attack you in melee.


Message History

The nine-headed hydra completely misses you.
The nine-headed hydra bites you but does no damage. x2
You block the nine-headed hydra's attack.
You completely miss Saozxam's ghost. Your headbutt misses Saozxam's ghost.
Saozxam's ghost is heavily damaged.
You slice one of the nine-headed hydra's heads off!
The eight-headed hydra grows two more!
You slice the ten-headed hydra!!
You slice one of the ten-headed hydra's heads off!
The nine-headed hydra grows two more!
You slash the 11-headed hydra! You barely miss the eight-headed hydra.
You feel very sick.
The 11-headed hydra bites you but does no damage.
The 11-headed hydra closely misses you. You block the 11-headed hydra's attack.
The 11-headed hydra bites you but does no damage. x2
The 11-headed hydra bites you!
* * * LOW HITPOINT WARNING * * *
The 11-headed hydra bites you but does no damage. x2
You block the 11-headed hydra's attack. The 11-headed hydra bites you.
* * * LOW HITPOINT WARNING * * *
The 11-headed hydra bites you but does no damage.
Saozxam's ghost whispers, "It is all a dream - a grotesque and foolish dream."
Saozxam's ghost hits you but does no damage.
The eight-headed hydra bites you but does no damage. x2
You block the eight-headed hydra's attack.
The eight-headed hydra bites you but does no damage. x2
The eight-headed hydra closely misses you.
The eight-headed hydra bites you!
* * * LOW HITPOINT WARNING * * *
The eight-headed hydra bites you but does no damage.
You completely miss Saozxam's ghost.
Saozxam's ghost is heavily damaged.
You slice one of the 11-headed hydra's heads off!
The ten-headed hydra grows two more!
You slash the 12-headed hydra!
You hack one of the eight-headed hydra's heads off!
The seven-headed hydra grows two more!
You slice the nine-headed hydra!!
You kill the nine-headed hydra!
You lop one of the ten-headed hydra's heads off!
The nine-headed hydra grows two more!
You slash the 11-headed hydra!
You die...
Your body crumbles into a pile of gold.

#..................#...##
#........©.........##.##.
#....#########......#..##
###...##8.[??:8##.....#....
#.....#©........#..........
#.#...#.#.....#.#....#.....
#.....#..#...#..#.......#..
#.#...#....©....#.......#..
##.#..#..#@$.#..#...###...#
##.....#.#DDW..#.#...###...#
#..##..#.........#..[##...##
#..##..##8.....8##!.∩..>..#
##.##...#########.....P#.P#
#P.#........©.......####P##
#...##..............######## ###
##....#......#.#.....#.###..
..####.##..#......#####.......^..


You could see a 12-headed hydra, a 11-headed hydra and Saozxam's ghost.

Vanquished Creatures
  3 hydras
  2 boulder beetles (Lair:4)
  A two-headed ogre (D:10)
  2 centaur warriors (D:9)
  2 death yaks (Lair:4)
  2 skysharks (Lair:4)
  A pharaoh ant (Lair:3)
  Pikel (D:7)
  A manticore (D:9)
  The ghost of Dittersdorf the Covered, a novice GrFi of Okawaru (D:7)
  2 ugly things
  3 cyclopes
  6 elephants
  8 black mambas
  3 kobold demonologists
  6 komodo dragons
  5 cane toads
  A freezing wraith (D:9)
  An unseen horror (D:10)
  An efreet (D:9)
  A tengu conjurer (D:9)
  A troll (D:11)
  A polar bear (Lair:3)
  4 blink frogs (Lair:3)
  A dream sheep (Lair:4)
  A slime creature (D:9)
  35 yaks
  Sigmund (D:2)
  A vampire (D:11)
  2 wraiths
  3 wyverns
  2 basilisks
  2 jumping spiders (Lair:3)
  A redback (Lair:3)
  A steam dragon (D:9)
  7 vampire mosquitoes (D:10)
  5 acid dragons
  9 water moccasins
  2 sky beasts
  3 ice beasts
  5 black bears
  3 orc warriors
  7 centaurs
  10 wolves
  7 kobold brigands
  2 lemures (D:7)
  11 bullfrogs
  A necrophage (D:4)
  A gnoll sergeant (D:9)
  4 scorpions
  A hornet simulacrum (D:7)
  3 wights (D:8)
  7 killer bees
  A howler monkey (D:9)
  4 hounds
  A jelly (D:7)
  2 gnoll boudas (D:6)
  An orc priest (D:10)
  3 wyvern simulacra (D:7)
  An iron imp (D:10)
  5 iguanas
  4 orc wizards
  A bullfrog simulacrum (D:7)
  A killer bee simulacrum (D:7)
  21 gnolls
  8 adders
  2 shadow imps
  3 white imps
  4 ufetubi
  A worm (D:4)
  4 dart slugs
  36 orcs
  7 bats
  12 endoplasms
  2 giant cockroaches (D:4)
  11 goblins
  6 hobgoblins
  6 jackals
  21 kobolds
  6 quokkas
  6 ball pythons
  2 frilled lizards
  3 rats
382 creatures vanquished.

Vanquished Creatures (others)
  An orc wizard (D:9)
  46 fungi
  49 plants
  3 withered plants (D:7)
99 creatures vanquished.

Grand Total: 481 creatures vanquished

Notes
Turn   | Place    | Note
-------+----------+-------------------------------------------
     0 | D:1      | GuildmasterMusic the Minotaur Fighter began the quest for
                  | the Orb.
     0 | D:1      | Reached XP level 1. HP: 19/19 MP: 0/0
   172 | D:1      | Reached XP level 2. HP: 27/27 MP: 1/1
   327 | D:1      | Reached skill level 3 in Axes
   591 | D:1      | You fall into a shaft and drop 1 floor!
   640 | D:2      | Reached XP level 3. HP: 23/33 MP: 2/2
   752 | D:2      | Found Jir Jog's Armour Emporium.
  1517 | D:2      | Noticed Sigmund
  1523 | D:2      | Killed Sigmund
  1524 | D:2      | Reached skill level 4 in Axes
  1524 | D:2      | Reached XP level 4. HP: 39/41 MP: 3/3
  1524 | D:2      | Reached XP level 5. HP: 44/47 MP: 4/4
  1710 | D:3      | Reached skill level 5 in Axes
  1828 | D:3      | Reached XP level 6. HP: 53/53 MP: 5/5
  2047 | D:3      | Found a faded altar of an unknown god.
  2103 | D:4      | Identified a scroll of acquirement
  2103 | D:4      | Acquired 874 gold pieces
  2148 | D:4      | Reached skill level 5 in Shields
  2149 | D:4      | Reached skill level 5 in Armour
  2160 | D:4      | Found a staircase to the Ecumenical Temple.
  2169 | Temple   | Entered the Ecumenical Temple
  2401 | D:4      | Reached skill level 5 in Fighting
  2563 | D:4      | Reached skill level 6 in Axes
  2581 | D:4      | Reached XP level 7. HP: 61/61 MP: 6/6
  2936 | D:5      | Entered Level 5 of the Dungeon
  3035 | D:5      | Found a glowing golden altar of the Shining One.
  3598 | D:5      | Reached skill level 7 in Axes
  4034 | D:6      | Reached XP level 8. HP: 64/70 MP: 7/7
  4073 | D:6      | Found a basalt altar of Yredelemnul.
  4206 | D:6      | Reached skill level 8 in Axes
  4337 | D:6      | Found an opulent altar of Gozag.
  4449 | D:6      | Found a shimmering blue altar of Sif Muna.
  4723 | D:7      | Found a burning altar of Makhleb.
  4723 | D:7      | Noticed a balrug
  4728 | D:7      | Noticed a smoke demon
  4728 | D:7      | Noticed a hellwing
  4801 | D:7      | Reached skill level 9 in Axes
  4825 | D:7      | Found an ancient bone altar of Kikubaaqudgha.
  4910 | D:7      | Noticed Pikel
  4920 | D:7      | Killed Pikel
  4921 | D:7      | Reached XP level 9. HP: 54/79 MP: 8/8
  5063 | D:7      | Found a runed translucent gate.
  5066 | D:7      | Found a runed translucent gate.
  5068 | D:7      | Found a runed translucent gate.
  5122 | D:7      | Noticed Dittersdorf's ghost (novice GrFi)
  5404 | D:7      | Killed Dittersdorf's ghost
  5405 | D:7      | Reached skill level 10 in Axes
  5832 | D:8      | Reached skill level 11 in Axes
  5841 | D:8      | Reached XP level 10. HP: 29/90 MP: 9/9
  6769 | D:9      | Reached skill level 12 in Axes
  6790 | D:9      | Noticed a cyclops
  6791 | D:9      | Noticed a rust devil
  6791 | D:9      | Noticed a cyclops
  6807 | D:9      | Noticed a rust devil
  6819 | D:9      | Found a stormy altar of Qazlal.
  6836 | D:9      | Noticed a manticore
  6843 | D:9      | Killed a manticore
  6847 | D:9      | Reached skill level 1 in Dodging
  6847 | D:9      | Noticed a centaur warrior
  6863 | D:9      | Killed a centaur warrior
  6874 | D:9      | Killed a cyclops
  7046 | D:9      | Noticed a centaur warrior
  7059 | D:9      | Killed a centaur warrior
  7064 | D:9      | Reached XP level 11. HP: 23/99 MP: 10/10
  7386 | D:9      | Reached skill level 13 in Axes
  7476 | D:9      | Identified the ring of Fallacy {Fire Str+8}
  7505 | D:9      | Found a broken altar of Ashenzari.
  7509 | D:9      | Noticed a white ugly thing
  7512 | D:9      | Found a stormy altar of Qazlal.
  7513 | D:9      | Found a stormy altar of Qazlal.
  7513 | D:9      | Found an ancient bone altar of Kikubaaqudgha.
  7519 | D:9      | Killed a white ugly thing
  7521 | D:9      | Reached skill level 10 in Armour
  7521 | D:9      | Reached skill level 10 in Shields
  7564 | D:9      | Reached skill level 10 in Fighting
  7634 | Abyss:1  | Cast into level 1 of the Abyss (kobold brigand)
  7673 | Abyss:1  | Noticed a large abomination
  7734 | D:9      | Escaped the Abyss
  7848 | D:9      | Identified the amulet "Asez" {Reflect Contam Fly rCorr SH+5
                  | SInv}
  8156 | D:9      | Found a sparkling altar of Nemelex Xobeh.
  8738 | D:6      | Became a worshipper of Gozag Ym Sagoz the Greedy
  8821 | D:10     | Entered Level 10 of the Dungeon
  8985 | D:10     | Reached skill level 14 in Axes
  9111 | D:10     | Found a staircase to the Orcish Mines.
  9228 | D:10     | Noticed a two-headed ogre
  9234 | D:10     | Killed a two-headed ogre
  9255 | D:10     | Found an iron altar of Okawaru.
  9262 | D:10     | Identified the +7 hand axe of Impatience {drain, rC+ rN++
                  | Str+3}
  9386 | D:10     | Found a snail-covered altar of Cheibriados.
  9446 | D:11     | Reached skill level 5 in Dodging
  9488 | D:11     | Identified the +1 robe of Zin's Fury {rN+ MP+9 Str+3}
  9533 | D:11     | Reached XP level 12. HP: 86/108 MP: 11/11
  9536 | D:11     | Found a staircase to the Lair.
  9627 | Lair:1   | Entered Level 1 of the Lair of Beasts
  9882 | Lair:1   | Acquired the +4 war axe of Axzer {heavy, rF+ rN+ Int+2
                  | Dex+3}
  9896 | Lair:1   | Bought a pitted plate armour for 812 gold pieces
  9896 | Lair:1   | Identified the +13 plate armour "Seups" {Rampage} (You
                  | bought it in a shop on level 1 of the Lair of Beasts)
 10403 | Lair:2   | Reached skill level 15 in Axes
 11252 | Lair:2   | Found a staircase to the Shoals.
 12019 | Lair:3   | Noticed an eight-headed hydra
 12028 | Lair:3   | Killed a 13-headed hydra
 12029 | Lair:3   | Found a hole to the Spider Nest.
 12205 | Lair:3   | Reached skill level 16 in Axes
 12250 | Lair:3   | Reached XP level 13. HP: 117/117 MP: 12/12
 12661 | Lair:4   | Found a transporter.
 12662 | Lair:4   | Noticed Saozxam's ghost (journeyman KoHu)
 12705 | Lair:4   | Acquired 902 gold pieces
 12709 | Lair:4   | Bought a +2 pair of boots of stealth for 258 gold pieces
 12709 | Lair:4   | Bought a +1 pair of gloves of infusion for 198 gold pieces
 13551 | Lair:4   | Found a transporter.
 13792 | Lair:4   | HP: 4/119 [eight-headed hydra (11)]
 13793 | Lair:4   | Succumbed to Saozxam's ghost's poison

Illustrated notes

Levels and vault maps discovered:
D:1:      grunt_arrival_lava_bath, layout_loops_ring, serial_forest,
          infiniplex_forest_zigzag_1, infiniplex_forest_lined_ring,
          infiniplex_forest_straight_3, infiniplex_forest_end_2,
          infiniplex_forest_corner_2, infiniplex_forest_end_2,
          infiniplex_forest_lined_2, infiniplex_forest_clump_curved,
          infiniplex_forest_end_1, infiniplex_forest_zigzag_1,
          minmay_misc_feat_rugged, grunt_decor_resistance
D:2:      layout_rooms, serial_shops, nicolae_shop_crystal, uniq_sigmund
D:3:      layout_rooms, shapermc_ecumenical_altar_totnotflames, kennysheep_boxes
D:4:      layout_cave_pools, minmay_temple_entry_antechambers, minmay_mini_jars
D:5:      layout_basic, tso_oasis_becter, st_stairs_12,
          nicolae_concentric_dashed_squares_wild, hex_tiny
D:6:      layout_rooms, overflow_temple_1_default, lemuel_round_altar,
          led_sif_pool
D:7:      layout_basic, kiku_gazebo_garden_becter, makhleb_altar_promises_db,
          gammafunk_ghost_icy, uniq_pikel
D:8:      layout_layer_cave, grunt_decor_mini_mirrors
D:9:      minmay_the_grid_octo_triangle [minmay_the_grid_octo_checkered,
          minmay_the_grid_octo_prize_star, minmay_the_grid_octo_shrine],
          layout_loops_ring, amcnicky_altar_gilded, nemelex_spade_bored_becter
D:10:     layout_rooms, slow_altar_2, okawaru_ov_weapons_minmay,
          hiddenorc1_lemuel, st_stairs_3
D:11:     layout_long_grid, due_lair_maze_entry_diamond
Temple:   nicolae_temple_hex_pool
Lair:1:   layout_chaotic_city
Lair:2:   layout_small_grid, shoals_dummy_entry, lemuel_fruit_fields
Lair:3:   layout_chaotic_city, nicolae_spider_entry_lesser_pyramids,
          grunt_megastairs_3
Lair:4:   layout_loops_ring, gammafunk_ghost_arena,
          chequers_serial_rivers_room_b, chequers_serial_rivers_micro_e,
          hangedman_lair_generics_rect, lemuel_fruit_tree

Skill      XL: |  1  2  3  4  5  6  7  8  9 10 11 12 13 |
---------------+----------------------------------------+-----
Axes           | 3 4 5 6 7 9 11 12 14 16 | 16.8
Shields        | 4 5 6 7 8 9 10 11 12 | 12.5
Armour         | 4 5 6 7 8 9 10 12 | 12.5
Fighting       | 4 5 6 7 8 9 10 11 12 | 12.5
Dodging        | 2 5 7 |  7.9

Action                     |  1- 3 |  4- 6 |  7- 9 | 10-12 | 13-15 || total
---------------------------+-------+-------+-------+-------+-------++-------
  Melee: War axe           |    89 |    74 |   199 |   320 |    88 ||   770
         Headbutt          |    12 |     8 |    35 |    85 |    14 ||   154
         Broad axe         |       |       |       |   143 |       ||   143
 Invoke: Call Merchant     |       |       |       |     2 |     1 ||     3
  Evoke: Wand              |       |       |       |     2 |       ||     2
    Use: Potion            |     1 |       |     3 |    11 |     4 ||    19
         Scroll            |       |    12 |    10 |     7 |     1 ||    30
   Stab: Invisible         |       |       |     5 |       |       ||     5
         Distracted        |       |       |       |     3 |     2 ||     5
 Armour: Scale mail        |    21 |       |       |       |       ||    21
         Chain mail        |    26 |    42 |    58 |       |       ||   126
         Plate armour      |       |       |    21 |   276 |   153 ||   450
  Dodge: Dodged            |    26 |    26 |   156 |   179 |    75 ||   462
  Block: Buckler           |    26 |    28 |    76 |   218 |    84 ||   432
         Reflection        |       |       |       |     3 |       ||     3

Table legend: (Time is in decaauts)
 A = Elapsed time spent in this place.
 B = Non-inter-level travel time spent in this place.
 C = Inter-level travel time spent in this place.
 D = Time resting spent in this place.
 E = Time spent auto-exploring this place.
 F = Levels seen in this place.
 G = Mean time per level.
                   A        B        C        D        E       F      G
               +--------+--------+--------+--------+--------+-----+--------+
         Total |  13866 |  13324 |    542 |   1032 |   8985 |  17 |  815.6 |
       Dungeon |   9318 |   8846 |    472 |    907 |   5520 |  11 |  847.1 |
        Temple |    274 |    273 |      1 |      0 |    102 |   1 |  274.0 |
          Lair |   4174 |   4105 |     69 |    125 |   3363 |   4 | 1043.5 |
         Abyss |     98 |     98 |      0 |      0 |      0 |   1 |   98.0 |
               +--------+--------+--------+--------+--------+-----+--------+

Top non-repeatable levels by time:
     D:9: 1656 daAuts
  Lair:2: 1272 daAuts
  Lair:4: 1217 daAuts
     D:8: 1171 daAuts
     D:5: 1155 daAuts
     D:1: 1043 daAuts
     D:7: 969 daAuts
  Lair:3: 920 daAuts
  Lair:1: 764 daAuts
     D:6: 752 daAuts
     D:4: 668 daAuts
    D:10: 610 daAuts
     D:2: 570 daAuts
     D:3: 534 daAuts
  Temple: 274 daAuts
